 Dungeon Crawl Stone Soup version 0.25-a0-306-g3faca94807 (webtiles) character file.

Game seed: 15795142913331370535, levelgen mode: deterministic

65 Redear the Skirmisher (level 3, -1/30 HPs)
             Began as a Mummy Monk on Dec 21, 2019.
             Shot with a stone by a goblin (5 damage)
             ... on level 2 of the Dungeon.
             The game lasted 00:02:10 (2770 turns).

Redear the Skirmisher (Mummy Monk)                  Turns: 2770, Time: 00:02:10

Health: -1/30      AC:  0    Str: 14    XL:     3   Next: 94%
Magic:  3/3        EV: 13    Int: 13    God:
Gold:   8          SH:  0    Dex: 15    Spells: 2/2 levels left

rFire    x . .     SeeInvis .     - Unarmed
rCold    + . .     Gourm    .   (no shield)
rNeg     + + +     Faith    .   (no armour)
rPois    ∞         Spirit   .   (no helmet)
rElec    .         Reflect  .   (no cloak)
rCorr    .         Harm     .   (no gloves)
MR       .....                  (no boots)
Stlth    ++........             (no amulet)
HPRegen  0.10/turn              d - +4 ring of intelligence
MPRegen  0.08/turn              (no ring)

@: no status effects
A: no food or potions, fire vulnerability, cold resistance 1, negative energy
resistance 3, torment resistance, unbreathing
a: no special abilities


You were on level 2 of the Dungeon.
You were not hungry.

You visited 1 branch of the dungeon, and saw 2 of its levels.

You collected 8 gold pieces.

Inventory:

Jewellery
 d - a +4 ring of intelligence (left hand)
Scrolls
 a - a scroll of teleportation {unknown}
 b - 2 scrolls of remove curse {unknown}
 c - a scroll of amnesia {unknown}
 e - a scroll of blinking {unknown}
 f - a scroll of magic mapping {unknown}
 g - a scroll of enchant armour {unknown}
 h - a scroll of identify {unknown}


   Skills:
 + Level 3.7 Fighting
 + Level 3.0 Dodging
 - Level 1.5 Stealth
 + Level 3.0 Unarmed Combat


You had 2 spell levels left.
You didn't know any spells.
Your spell library was empty.

Dungeon Overview and Level Annotations

Branches:
Dungeon (2/15)

Altars:

Annotations:
D:2 Natasha


Innate Abilities, Weirdness & Mutations

You do not eat or drink.
Your flesh is vulnerable to fire.
You are immune to poison.
Your flesh is cold resistant. (rC+)
You are immune to negative energy. (rN+++)
You are immune to unholy pain and torment.
You can survive without breathing.


Message History

You take 1 damage, and have 8/30 hp.
The bat hits you.
* * * LOW HITPOINT WARNING * * *
The bat misses you.
You take 1 damage, and have 7/30 hp.
The bat hits you.
* * * LOW HITPOINT WARNING * * *
The bat misses you. The bat closely misses you. The bat hits you.
* * * LOW HITPOINT WARNING * * *
You take 1 damage, and have 6/30 hp.
The bat hits you.
* * * LOW HITPOINT WARNING * * *
The goblin shoots a stone.
The stone barely misses you.
You take 1 damage, and have 5/30 hp.
The bat hits you.
* * * LOW HITPOINT WARNING * * *
The goblin shoots a stone.
The stone hits you.
You die...

......g(...........
#....####g.(..(... .
#..### ##(###...# ..
#.## #..# #...# ..
#.# #..###...###.#
#.# #...g...b....#
..######...g.....####
..........##.....#
##########....@#
#....(# #######


You could see 2 goblins and a bat.

Vanquished Creatures
  An ooze (D:1)
  2 worms (D:2)
  4 dart slugs (D:1)
  2 giant cockroaches (D:1)
  5 goblins
  9 hobgoblins (D:1)
  4 jackals (D:1)
  9 kobolds
  2 bats (D:1)
  4 frilled lizards
  A rat (D:1)
43 creatures vanquished.

Notes
Turn   | Place    | Note
-------+----------+-------------------------------------------
     0 | D:1      | Redear the Mummy Monk began the quest for the Orb.
     0 | D:1      | Reached XP level 1. HP: 18/18 MP: 1/1
    32 | D:1      | HP: 1/18 [hobgoblin/+0 club (3)]
   538 | D:1      | Reached XP level 2. HP: 6/24 MP: 2/2
  1556 | D:1      | Reached XP level 3. HP: 20/29 MP: 3/3
  2014 | D:1      | Reached skill level 3 in Dodging
  2170 | D:1      | Reached skill level 3 in Unarmed Combat
  2384 | D:2      | Noticed Natasha
  2770 | D:2      | Shot with a stone by a goblin

Levels and vault maps discovered:
D:1:      nicolae_arrival_memento_mori, layout_loops_ring
D:2:      layout_rooms, minmay_misc_feat_cross, minivault_27,
          minmay_increasing_density, uniq_crazy_yiuf_cottage, uniq_natasha

Skill      XL: |  1  2  3 |
---------------+----------+-----
Dodging        | 3 |  3.0
Unarmed Combat | 3 |  3.0
Fighting       | |  3.7
Stealth        | |  1.5

Action                   || total
-------------------------++-------
Melee: Unarmed           ||   199
       Punch             ||     2
 Stab: Sleeping          ||     5
Dodge: Dodged            ||   125

Table legend:
 A = Non-vault XP
 B = Vault XP
 C = Vault XP percentage of total XP
 D = Non-vault monster count
 E = Vault monster count
 F = Vault count percentage of total count
                 A         B        C        D         E       F
            +---------+---------+-------+---------+---------+-------
      Total |      89 |       5 |   5.3 |      42 |       1 |   2.3
            +---------+---------+-------+---------+---------+-------
        D:1 |      81 |       0 |   0.0 |      38 |       0 |   0.0
        D:2 |       8 |       5 |  38.5 |       4 |       1 |  20.0
            +---------+---------+-------+---------+---------+-------
